 Dungeon Crawl Stone Soup version 0.31.0-9-g3a7656b989 (webtiles) character file.

Game seed: 7342527628596675741

25 qw the Shooter (level 2, -3/16 HPs)
             Began as a Deep Elf Hunter on Feb 2, 2024.
             Slain by Duvessa
             ... wielding a +0 short sword
              (7 damage)
             ... on level 4 of the Dungeon.
             The game lasted 00:00:03 (651 turns).

qw the Shooter (Deep Elf Hunter)                     Turns: 651, Time: 00:00:03

Health: -3/16      AC:  5    Str:  8    XL:     2   Next: 82%
Magic:  4/4        EV: 10    Int: 13    God:
Gold:   57         SH:  0    Dex: 18    Spells: 1/1 levels left

rFire   . . .        a - +1 shortbow
rCold   . . .        (shield currently unavailable)
rNeg    . . .        g - +0 ring mail
rPois   .            (no helmet)
rElec   .            (no cloak)
rCorr   .            (no gloves)
SInv    .            (no boots)
Will    .....        (no amulet)
Stlth   +            (no ring)
HPRegen 0.22/turn    (no ring)
MPRegen 0.09/turn

%: no passive effects
@: no status effects
A: no striking features
a: no special abilities


You were on level 4 of the Dungeon.
You visited 1 branch of the dungeon, and saw 3 of its levels.

You collected 57 gold pieces.


   Skills:
 - Level 1.5 Fighting
 + Level 6.5 Ranged Weapons
 - Level 2.4 Dodging
 - Level 1.2 Stealth


You had one spell level left.
You didn't know any spells.
Your spell library was empty.

Inventory:

Hand Weapons
 a - a +1 shortbow (weapon)
Armour
 g - a +0 ring mail (worn)
Scrolls
 b - a scroll of identify
 d - 4 scrolls of teleportation
Potions
 i - a potion of resistance {unknown}

Dungeon Overview and Level Annotations

Branches:
Dungeon (2/15)

Altars:

Shops:
D:1 [

Annotations:
D:4 Dowan, Duvessa


Message History

A kobold comes into view. It is wielding a +0 dagger.
The kobold shouts!
The kobold throws a stone.
The stone barely misses you.
You shoot an arrow. The arrow closely misses the kobold.
You shoot an arrow. The arrow closely misses the kobold.
You shoot an arrow. The arrow barely misses the kobold.
You shoot an arrow. The arrow closely misses the kobold.
The kobold throws a stone.
The stone hits you but does no damage.
You shoot an arrow. The arrow hits the kobold.
The kobold is moderately wounded.
The kobold throws a stone.
The stone hits you.
You shoot an arrow. The arrow hits the kobold!
You kill the kobold!
You start resting.
HP restored.
d - 4 scrolls of teleportation (gained 1)
You open the door.
There is an open door here.
Found a stone staircase leading down.
A malevolent force fills the Dungeon...
You fall into a shaft and drop 2 floors!
The shaft crumbles and collapses.
Duvessa and Dowan come into view.
Duvessa is wielding a +0 short sword and wearing a +2 scale mail of cold resistance.
Waypoint 2 assigned to D:4.
You shoot an arrow.
The arrow hits Duvessa but does no damage.
Duvessa shouts!
Dowan points at Duvessa and mumbles some strange words.
Duvessa seems to speed up.
648 ||| RETREEEEATING.
You shoot an arrow.
The arrow hits Duvessa but does no damage.
Duvessa hits you with a +0 short sword. Duvessa closely misses you.
You shoot an arrow. The arrow barely misses Duvessa.
Duvessa hits you but does no damage. x2
651 ||| RETREEEEATING.
Duvessa attacks as she pursues you! Duvessa hits you with a +0 short sword!
Ouch! That really hurt!
Duvessa hits you with a +0 short sword!
You die...

## .# # e###!
.#.# #####.e#
...##.##
####.#e..# #
#....@.#.#
.#.##.##.#...#
.........#####
##.......#
........##
......###
.^#### .


You could see Duvessa (fast) and Dowan.

Vanquished Creatures
  A ribbon worm (D:2)
  An endoplasm (D:2)
  A goblin (D:1)
  6 hobgoblins (D:1)
  4 ball pythons (D:1)
  A frilled lizard (D:1)
  5 kobolds
  2 rats (D:1)
21 creatures vanquished.

Notes
Turn   | Place    | Note
-------+----------+-------------------------------------------
     0 | D:1      | qw the Deep Elf Hunter began the quest for the Orb.
     0 | D:1      | Reached XP level 1. HP: 12/12 MP: 3/3
     0 | D:1      | 0 ||| qw: Version: 0.3-a-155-g5e7d8dd
     0 | D:1      | 0 ||| qw: Game counter: 178
     0 | D:1      | 0 ||| qw: Melee chars always use a shield: true
     0 | D:1      | 0 ||| qw: God list: Okawaru
     0 | D:1      | 0 ||| qw: Allow faded altars: false
     0 | D:1      | 0 ||| qw: Do Orc after clearing Dungeon:15 true
     0 | D:1      | 0 ||| qw: Do second Lair branch before Depths: true
     0 | D:1      | 0 ||| qw: Lair rune preference: random
     0 | D:1      | 0 ||| qw: Goals: Normal
     0 | D:1      | 0 ||| PLANNING D:1-11
   118 | D:1      | Found Hewuhaid's Armour Shop.
   121 | D:1      | 121 ||| SHOPLISTING +0 scale mail (48 gold, have 25).
   121 | D:1      | 121 ||| SHOPLISTING +3 ring mail of the Heavens {rCorr}
                  | (379 gold, have 25).
   160 | D:1      | Reached skill level 6 in Ranged Weapons
   160 | D:1      | Reached XP level 2. HP: 12/16 MP: 4/4
   488 | D:1      | 488 ||| UPGRADING to +0 ring mail.
   498 | D:1      | 498 ||| DROPPING +0 leather armour.
   499 | D:1      | 499 ||| READING 4 scrolls labelled ILEELI INWE.
   504 | D:1      | 504 ||| READING scroll labelled OMUEG KUBU.
   504 | D:1      | 504 ||| ENCHANTING +0 shortbow.
   505 | D:1      | 505 ||| READING scroll labelled DEASTE FIEXKOS.
   505 | D:1      | 505 ||| IDENTIFYING lumpy amethyst potion
   506 | D:1      | 506 ||| DROPPING scroll of butterflies.
   507 | D:1      | 507 ||| DROPPING potion of invisibility.
   638 | D:2      | You fall into a shaft and drop 2 floors!
   646 | D:4      | Noticed Duvessa
   646 | D:4      | Noticed Dowan
   648 | D:4      | 648 ||| RETREEEEATING.
   651 | D:4      | 651 ||| RETREEEEATING.
   651 | D:4      | HP: 4/16 [Duvessa/+0 short sword (10)]
   651 | D:4      | Slain by Duvessa

Levels and vault maps discovered:
D:1:      roadster_arrival_rocket_large, layout_rooms, serial_shops,
          nicolae_shop_real_fake_doors
D:2:      layout_basic, uniq_jessica
D:4:      layout_loops_cross, minmay_temple_entry_nine_rooms,
          uniq_blork_the_orc, uniq_menkaure, uniq_duvessa

Skill      XL: |  1 |
---------------+----+-----
Ranged Weapons | 6 |  6.5
Fighting       | |  1.5
Dodging        | |  2.4
Stealth        | |  1.2

Action                     || total
---------------------------++-------
   Fire: Shortbow          ||    59
    Use: Scroll            ||     3
 Armour: Leather armour    ||     4
         Ring mail         ||     7
  Dodge: Dodged            ||     9

Table legend:
 A = Non-vault XP
 B = Vault XP
 C = Vault XP percentage of total XP
 D = Non-vault monster count
 E = Vault monster count
 F = Vault count percentage of total count
                 A         B        C        D         E       F
            +---------+---------+-------+---------+---------+-------
      Total |      36 |       0 |   0.0 |      21 |       0 |   0.0
            +---------+---------+-------+---------+---------+-------
        D:1 |      26 |       0 |   0.0 |      17 |       0 |   0.0
        D:2 |      10 |       0 |   0.0 |       4 |       0 |   0.0
            +---------+---------+-------+---------+---------+-------
